 Dungeon Crawl Stone Soup version 0.23-a0-8-gb809bb70e4 (webtiles) character file.

587 Htamos the Charmwright (level 7, -4/56 HPs)
             Began as a Gnoll Skald on Aug 1, 2018.
             Was an Initiate of Ashenzari.
             Slain by a two-headed ogre
             ... wielding a +0 giant club
              (8 damage)
             ... on level 8 of the Dungeon.
             The game lasted 00:11:55 (5006 turns).

Htamos the Charmwright (Gnoll Skald)                Turns: 5006, Time: 00:11:58

Health: -4/56      AC:  9    Str: 13    XL:     7   Next: 38%
Magic:  15/15      EV: 13    Int: 23    God:    Ashenzari [......]
Gold:   42         SH:  0    Dex: 14    Spells: 9/17 levels left

rFire    . . .     SeeInvis .   a - +1 mace
rCold    . . .     Gourm    .   (no shield)
rNeg     . . .     Faith    .   m - +1 ring mail of Temperance {MR+ Str-4 Slay+3}
rPois    .         Spirit   .   l - +0 helmet
rElec    .         Reflect  .   (no cloak)
rCorr    .         Harm     .   v - +0 pair of gloves
MR       +....                  (no boots)
Stlth    +.........             (no amulet)
HPRegen  0.18/turn              p - +6 ring of intelligence (curse)
MPRegen  0.14/turn              g - +3 ring of strength

@: about to teleport
A: distributed training, fangs 1, strong nose
a: Curse Item, Renounce Religion


You were on level 8 of the Dungeon.
You worshipped Ashenzari.
Ashenzari was noncommittal.
You were hungry.

You visited 1 branch of the dungeon, and saw 6 of its levels.

You collected 189 gold pieces.
You spent 147 gold pieces at shops.

Inventory:

Hand Weapons
 a - a +1 mace (weapon)
 f - a +0 whip
 w - a cursed +0 rapier
 C - a +0 glaive (quivered)
Missiles
 j - 28 poisoned needles
Armour
 b - a +0 leather armour
 i - a +0 pair of gloves
 k - a +0 scale mail
 l - a +0 helmet (worn)
 m - the +1 ring mail of Temperance (worn) {MR+ Str-4 Slay+3}
   (You found it on level 8 of the Dungeon)

   It affects your strength (-4).
   It affects your accuracy and damage with ranged weapons and melee attacks
   (+3).
   It affects your resistance to hostile enchantments.
 v - a +0 pair of gloves (worn)
 y - a +1 scale mail of poison resistance
Jewellery
 g - a +3 ring of strength (right hand)
 p - a cursed +6 ring of intelligence (left hand)
Scrolls
 c - a scroll of enchant weapon
 e - 3 scrolls of remove curse
 h - 5 scrolls of identify
 u - 2 scrolls of enchant armour {unknown}
 x - a scroll of amnesia {unknown}
 A - a scroll of blinking {unknown}
Potions
 n - a potion of mutation {unknown}
 q - a potion of agility {unknown}
 r - a potion of brilliance {unknown}
 s - a potion of degeneration {unknown}
 z - a potion of curing
Comestibles
 d - 7 rations


   Skills:
 + Level 5.2 Fighting
 + Level 2.4 Short Blades
 + Level 2.4 Long Blades
 + Level 2.4 Axes
 + Level 5.2 Maces & Flails
 + Level 2.4 Polearms
 + Level 2.4 Staves
 + Level 2.4 Slings
 + Level 2.4 Bows
 + Level 2.4 Crossbows
 + Level 2.4 Throwing
 + Level 3.5 Armour
 + Level 5.2 Dodging
 + Level 2.4 Stealth
 + Level 2.4 Shields
 + Level 2.4 Unarmed Combat
 + Level 5.6 Spellcasting
 + Level 2.0 Conjurations
 + Level 2.0 Hexes
 + Level 5.8 Charms
 + Level 2.0 Summonings
 + Level 2.0 Necromancy
 + Level 2.0 Translocations
 + Level 2.0 Transmutations
 + Level 2.0 Fire Magic
 + Level 2.0 Ice Magic
 + Level 2.0 Air Magic
 + Level 2.0 Earth Magic
 + Level 2.0 Poison Magic
 + Level 2.6 Invocations
 + Level 2.4 Evocations


You had 9 spell levels left.
You knew the following spells:

 Your Spells              Type           Power        Failure   Level  Hunger
a - Infusion              Chrm           ####         1%          1    None
b - Song of Slaying       Chrm           ####....     2%          2    None
c - Shroud of Golubria    Chrm/Tloc      ###.......   5%          2    None
d - Spectral Weapon       Hex/Chrm       ###.....     11%         3    ##.....

Your spell library contained the following spells:

 Spells                   Type           Power        Failure   Level  Hunger
 Regeneration             Chrm/Necr      ###.......   11%         3    ##.....


Dungeon Overview and Level Annotations

Branches:
Dungeon (5/15)
 Temple: D:4-7

Altars:
Ashenzari
Ru
Vehumet
Xom
Yredelemnul

Shops:
D:4 [


Innate Abilities, Weirdness & Mutations

Your experience applies equally to all skills.
You have very sharp teeth.
Your uncanny sense of smell can sniff out nearby items.


Message History

The orc wizard gestures wildly while chanting.
The orc wizard flickers and vanishes!
A two-headed ogre comes into view. It is wielding two giant clubs.
Found 17 stones.
As you read the scroll labeled COITETR EG CUS, it crumbles to dust.
It is a scroll of enchant weapon.
Your +0 mace glows red for a moment.
The orc warrior hits you with a hand axe!
* * * LOW HITPOINT WARNING * * *
As you read the scroll labeled JINA JAIRY, it crumbles to dust.
You feel strangely unstable.
It was a scroll of teleportation.
The orc warrior hits you with a hand axe.
* * * LOW HITPOINT WARNING * * *
As you read the scroll labeled AGRONG BUBUR, it crumbles to dust.
You feel aware of your surroundings.
You sensed 1 altar.
It was a scroll of magic mapping.
The two-headed ogre hits you with a giant club.
* * * LOW HITPOINT WARNING * * *
The two-headed ogre hits you with a giant club!
You die...

##......o## ##.##.#
##.....## ####.#
##...## *...# ##'##
*.### #o#### *.#
######o##.## *(#
#..........# *.#
#.###...#.#######O#
*,*#...o.oo....o@.#
*.......###########
#.###..## #,* #..#
,** #..# ,* #..*
,****,,* ,,,,,,,*
***** ******,*
**,,,**


You could see a two-headed ogre, an orc warrior and 2 orcs.

Vanquished Creatures
  A phantom (D:5)
  An ogre (D:4)
  A scorpion (D:4)
  2 orc priests (D:3)
  2 centaur skeletons (D:4)
  A bullfrog skeleton (D:4)
  2 iguanas (D:4)
  3 gnolls (D:4)
  4 adders
  5 oozes
  4 worms
  A dart slug (D:2)
  A leopard gecko (D:3)
  10 orcs
  A giant cockroach (D:2)
  5 hobgoblins
  7 jackals
  2 quokkas (D:3)
  A ball python (D:3)
  5 bats
  2 frilled lizards
  6 goblins
  6 kobolds
  A quokka skeleton (D:4)
  4 rats
78 creatures vanquished.

Notes
Turn   | Place    | Note
-------+----------+-------------------------------------------
     0 | D:1      | Htamos the Gnoll Skald began the quest for the Orb.
     0 | D:1      | Reached XP level 1. HP: 20/20 MP: 6/6
   562 | D:1      | Reached XP level 2. HP: 26/26 MP: 7/7
   817 | D:1      | Learned a level 2 spell: Song of Slaying
   820 | D:1      | Learned a level 2 spell: Shroud of Golubria
   948 | D:2      | Reached skill level 5 in Spellcasting
   948 | D:2      | Reached XP level 3. HP: 29/31 MP: 7/9
  1672 | D:3      | Reached skill level 1 in Invocations
  1876 | D:3      | Reached skill level 1 in Short Blades
  1876 | D:3      | Reached skill level 1 in Long Blades
  1876 | D:3      | Reached skill level 1 in Axes
  1876 | D:3      | Reached skill level 1 in Polearms
  1876 | D:3      | Reached skill level 1 in Staves
  1876 | D:3      | Reached skill level 1 in Slings
  1876 | D:3      | Reached skill level 1 in Bows
  1876 | D:3      | Reached skill level 1 in Crossbows
  1876 | D:3      | Reached skill level 1 in Throwing
  1876 | D:3      | Reached skill level 1 in Stealth
  1876 | D:3      | Reached skill level 1 in Shields
  1876 | D:3      | Reached skill level 1 in Unarmed Combat
  1876 | D:3      | Reached skill level 1 in Evocations
  1889 | D:3      | Reached XP level 4. HP: 38/38 MP: 11/11
  2145 | D:3      | Reached skill level 1 in Conjurations
  2145 | D:3      | Reached skill level 1 in Hexes
  2145 | D:3      | Reached skill level 1 in Summonings
  2145 | D:3      | Reached skill level 1 in Necromancy
  2145 | D:3      | Reached skill level 1 in Translocations
  2145 | D:3      | Reached skill level 1 in Transmutations
  2145 | D:3      | Reached skill level 1 in Fire Magic
  2145 | D:3      | Reached skill level 1 in Ice Magic
  2145 | D:3      | Reached skill level 1 in Air Magic
  2145 | D:3      | Reached skill level 1 in Earth Magic
  2145 | D:3      | Reached skill level 1 in Poison Magic
  2163 | D:3      | Reached XP level 5. HP: 11/43 MP: 12/12
  2623 | D:3      | Learned a level 3 spell: Spectral Weapon
  3133 | D:4      | Reached XP level 6. HP: 43/50 MP: 13/13
  3267 | D:4      | Found Uhit's Antique Armour Emporium.
  3301 | D:4      | Bought a glowing scale mail for 147 gold pieces
  3430 | D:4      | Reached skill level 5 in Fighting
  3430 | D:4      | Reached skill level 5 in Maces & Flails
  3430 | D:4      | Reached skill level 5 in Dodging
  3907 | D:4      | Reached XP level 7. HP: 31/56 MP: 15/15
  4086 | D:4      | Found a basalt altar of Yredelemnul.
  4090 | D:4      | Found a radiant altar of Vehumet.
  4104 | D:4      | Found a shimmering altar of Xom.
  4242 | D:4      | Found a sacrificial altar of Ru.
  4293 | D:5      | Entered Level 5 of the Dungeon
  4621 | D:5      | You fall through a shaft for 3 floors!
  4631 | D:8      | Found a shattered altar of Ashenzari.
  4633 | D:8      | Got a spiked ring mail
  4636 | D:8      | Identified the +1 ring mail of Temperance {MR+ Str-4 Slay+3} (You found it on level 8 of the Dungeon)
  4661 | D:8      | Became a worshipper of Ashenzari the Shackled
  5003 | D:8      | Noticed a two-headed ogre
  5006 | D:8      | Slain by a two-headed ogre

Vault maps used:
D:1:      eino_arrival_druids_welcome
D:4:      minmay_overflow_temple_star_quad, first_ration, serial_shops, shop,
          nicolae_ru_awakened_eye
D:5:      hangedman_decor_points, roderic_lattice_a
D:8:      kennysheep_orc_sif_temple, gammafunk_ghost_hydra_chop,
          hangedman_pestilent_swarm, cheibrodos_ashenzari_chains

Skill      XL: |  1  2  3  4  5  6  7 |
---------------+----------------------+-----
Spellcasting   | 5 |  5.6
Invocations    | 1 2 |  2.6
Short Blades   | 1 2 |  2.4
Long Blades    | 1 2 |  2.4
Axes           | 1 2 |  2.4
Polearms       | 1 2 |  2.4
Staves         | 1 2 |  2.4
Slings         | 1 2 |  2.4
Bows           | 1 2 |  2.4
Crossbows      | 1 2 |  2.4
Throwing       | 1 2 |  2.4
Stealth        | 1 2 |  2.4
Shields        | 1 2 |  2.4
Unarmed Combat | 1 2 |  2.4
Evocations     | 1 2 |  2.4
Conjurations   | 1 2 |  2.0
Hexes          | 1 2 |  2.0
Summonings     | 1 2 |  2.0
Necromancy     | 1 2 |  2.0
Translocations | 1 2 |  2.0
Transmutations | 1 2 |  2.0
Fire Magic     | 1 2 |  2.0
Ice Magic      | 1 2 |  2.0
Air Magic      | 1 2 |  2.0
Earth Magic    | 1 2 |  2.0
Poison Magic   | 1 2 |  2.0
Armour         | 3 |  3.5
Fighting       | 5 |  5.2
Maces & Flails | 5 |  5.2
Dodging        | 5 |  5.2
Charms         | |  5.8

Action                   |  1- 3 |  4- 6 |  7- 9 || total
-------------------------+-------+-------+-------++-------
Melee: Mace              |   125 |   212 |    77 ||   414
       Bite              |    12 |    25 |     7 ||    44
 Cast: Spectral Weapon   |       |     1 |       ||     1
Invok: Curse Item        |       |       |     1 ||     1
  Use: Scroll            |     1 |     3 |     4 ||     8
       Potion            |       |     3 |     1 ||     4
  Eat: Chunk             |     3 |     6 |     4 ||    13
Armor: Leather armour    |    11 |       |       ||    11
       Scale mail        |    47 |    93 |    22 ||   162
       Ring mail         |       |       |     6 ||     6
Dodge: Dodged            |    95 |   145 |    45 ||   285

Table legend:
 A = Spawn XP
 B = Non-spawn XP
 C = Spawn XP percentage of total XP
 D = Spawn monster count
 E = Non-spawn monster count
 F = Spawn count percentage of total count
 G = Total turns spent on level
                    A         B        C        D         E        F      G
               +---------+---------+-------+---------+---------+-------+---------
         Total |       0 |     839 |   0.0 |       0 |      78 |   0.0 |  5006
               +---------+---------+-------+---------+---------+-------+---------
           D:1 |       0 |      16 |   0.0 |       0 |       8 |   0.0 |   827
           D:2 |       0 |      38 |   0.0 |       0 |      17 |   0.0 |   826
           D:3 |       0 |     181 |   0.0 |       0 |      32 |   0.0 |  1237
           D:4 |       0 |     444 |   0.0 |       0 |      14 |   0.0 |  1403
           D:5 |       0 |     146 |   0.0 |       0 |       6 |   0.0 |   328
           D:8 |       0 |      14 |   0.0 |       0 |       1 |   0.0 |   385
               +---------+---------+-------+---------+---------+-------+---------
